 Dungeon Crawl Stone Soup version 0.32-a0-893-gf85d74f360 (webtiles) character file.

Game seed: 141905367476165140

861 Autsider the Chopper (level 7, 0/61 HPs)
             Began as a Mountain Dwarf Fighter on Apr 3, 2024.
             Was a Follower of Qazlal.
             Slain by an ogre
             ... wielding a +0 giant club
              (20 damage)
             ... on level 5 of the Dungeon.
             The game lasted 00:10:33 (4099 turns).

Autsider the Chopper (Mountain Dwarf Fighter)       Turns: 4099, Time: 00:10:34

Health: 0/61       AC: 12    Str: 20    XL:     7   Next: 71%
Magic:  8/8        EV:  4    Int:  9    God:    Qazlal [*.....]
Gold:   238        SH:  6    Dex:  9    Spells: 6/6 levels left

rFire   . . .        a - +0 war axe
rCold   . . .        c - +0 buckler
rNeg    . . .        d - +0 plate armour
rPois   .            (no helmet)
rElec   .            (no cloak)
rCorr   .            (no gloves)
SInv    .            (no boots)
Will    .....        (no amulet) Stlth
                     (no ring)
HPRegen 0.30/turn    (no ring)
MPRegen 0.11/turn

%: no passive effects
@: no status effects
A: runic magic, artefact enchanting
a: Renounce Religion


You were on level 5 of the Dungeon.
You worshipped Qazlal.
Qazlal was aware of your devotion.
You visited 2 branches of the dungeon, and saw 6 of its levels.

You collected 238 gold pieces.

Inventory:

Hand Weapons
 a - a +0 war axe (weapon)
Missiles
 r - a throwing net
 u - 3 atropa-tipped darts (quivered)
 v - 33 stones
 w - 8 poisoned darts
Armour
 c - a +0 buckler (worn)
 d - a +0 plate armour (worn)
Magical Staves
 j - a staff of air
Jewellery
 g - a ring of fire
Wands
 l - a wand of digging (5)
Scrolls
 e - a scroll of immolation {unknown}
 f - 2 scrolls of enchant armour
 h - a scroll of noise {unknown}
 k - a scroll of teleportation {unknown}
 o - a scroll of fog {unknown}
 q - 2 scrolls of revelation {unknown}
 t - 2 scrolls of identify {@r1}
 y - 3 scrolls of poison {unknown}
Potions
 i - 3 potions of heal wounds {@q2}
 m - a potion of resistance {unknown}
 n - a potion of mutation {unknown}
 p - a potion of ambrosia {unknown}
 s - 2 potions of invisibility {unknown}
 x - a potion of brilliance {unknown}


   Skills:
 + Level 5.3 Fighting
 * Level 6.8 Axes
 + Level 5.3 Armour
 + Level 5.2 Shields
 + Level 2.2 Invocations


You had 6 spell levels left.
You didn't know any spells.
Your spell library contained the following spells:

 Spells                   Type           Power      Damage    Failure   Level
 Kiss of Death            Conj/Necr      0%         2d5       73%         1
 Call Imp                 Summ           0%         N/A       86%         2
 Sublimation of Blood     Necr           0%         N/A       86%         2
 Call Canine Familiar     Summ           0%         N/A       97%         3
 Confusing Touch          Hex            0%         N/A       97%         3
 Volatile Blastmotes      Fire/Tloc      0%         2d10      97%         3
 Dispel Undead            Necr           0%         3d6       100%        4
 Summon Cactus Giant      Summ           0%         N/A       100%        6
 Summon Hydra             Summ           0%         N/A       100%        7
 Summon Horrible Things   Summ           0%         N/A       100%        8


Dungeon Overview and Level Annotations

Branches:
Dungeon (5/15)             Temple (1/1) D:4

Altars:
Ashenzari
Cheibriados
Dithmenos
Elyvilon
Fedhas
Gozag
Hepliaklqana
Kikubaaqudgha
Makhleb
Nemelex Xobeh
Okawaru
Qazlal
Ru
Sif Muna
Trog
Uskayaw
Vehumet
Wu Jian
Xom
Yredelemnul
Zin
The Shining One

Shops:
D:4 *

Annotations:
D:3 exclusion: downstairs


Innate Abilities, Weirdness & Mutations

Your spellcasting is much less encumbered by armour.
You can use scrolls of enchantment on lesser artefacts.


Message History

You block the ogre's attack.
You hit the ogre but do no damage. The ogre barely misses you.
You completely miss the ogre. You hit the ogre.
The ogre is moderately wounded.
The ogre hits you with a +0 giant club.
You barely miss the ogre.
The ogre is lightly wounded.
The ogre hits you with a +0 giant club!
You are too injured to fight recklessly!
You are too injured to fight recklessly!
You are too injured to fight recklessly!
You slash the ogre!
The ogre is heavily wounded.
You barely miss the ogre. The ogre hits you with a +0 giant club!
* * * LOW HITPOINT WARNING * * *
The ogre barely misses you.
Found 5 stones.
You block the ogre's attack. The ogre attacks as it pursues you!
The ogre hits you with a +0 giant club.
* * * LOW HITPOINT WARNING * * *
The ogre hits you but does no damage.
You slash the ogre!
The ogre is almost dead.
The ogre hits you with a +0 giant club!
* * * LOW HITPOINT WARNING * * *
You barely miss the ogre.
The ogre is almost dead.
The ogre hits you with a +0 giant club.
* * * LOW HITPOINT WARNING * * *
You slash the ogre!
You kill the ogre!
Qazlal accepts your kill.
Your Invocations skill increases to level 2!
You hit the ogre.
The ogre is moderately wounded.
The ogre barely misses you.
You slash the ogre!
The ogre is severely wounded.
The ogre hits you with a +0 giant club!!
You die...

........[..#
...........#
............#
..........#
..........#
...$.####.###
..... #..(#
..... ###O#
.... #@# #.#
... .....
.......
#########


You could see an ogre.

Vanquished Creatures
  A water moccasin (D:5)
  A black bear (D:4)
  An ice beast (D:4)
  An ogre (D:5)
  A scorpion (D:4)
  2 jellies (D:4)
  2 orc priests
  2 gnoll boudas (D:4)
  A hound (D:4)
  An iguana (D:4)
  8 gnolls
  2 adders
  A white imp (D:5)
  3 dart slugs
  14 orcs
  7 bats
  10 endoplasms
  4 giant cockroaches
  4 goblins
  5 hobgoblins
  4 kobolds
  6 quokkas
  7 ball pythons
  3 frilled lizards
  3 rats
94 creatures vanquished.

Vanquished Creatures (others)
  A minotaur (D:1)
  An octopode (D:1)
  A vine stalker (D:1)
  2 gargoyles (D:1)
  A djinni (D:1)
  A troll (D:1)
  A formicid (D:1)
  A vampire (D:1)
  A human (D:1)
  A naga (D:1)
  A goblin (D:1)
  5 tentacles (D:1)
17 creatures vanquished.

Grand Total: 111 creatures vanquished

Notes
Turn   | Place    | Note
-------+----------+-------------------------------------------
     0 | D:1      | Autsider the Mountain Dwarf Fighter began the quest for the
                  | Orb.
     0 | D:1      | Reached XP level 1. HP: 19/19 MP: 1/1
     0 | D:1      | Noticed a human
     0 | D:1      | Noticed a troll
     0 | D:1      | Noticed a formicid
     0 | D:1      | Noticed a djinni
     0 | D:1      | Noticed a vampire
     0 | D:1      | Noticed a kraken
     0 | D:1      | Noticed an octopode
     0 | D:1      | Noticed a gargoyle
     0 | D:1      | Noticed a vine stalker
     0 | D:1      | Noticed a minotaur
     0 | D:1      | Noticed a naga
     0 | D:1      | Noticed a gargoyle
     2 | D:1      | Killed a vine stalker
     6 | D:1      | Killed a djinni
     6 | D:1      | Killed a gargoyle
     7 | D:1      | Killed a gargoyle
    10 | D:1      | Killed a minotaur
    11 | D:1      | Killed a human
    23 | D:1      | Killed a naga
    26 | D:1      | Killed a troll
    28 | D:1      | Killed an octopode
    34 | D:1      | Killed a formicid
    36 | D:1      | Killed a vampire
   210 | D:1      | Reached XP level 2. HP: 26/26 MP: 2/2
   293 | D:1      | Reached skill level 3 in Axes
   807 | D:2      | Reached XP level 3. HP: 30/31 MP: 3/3
  1232 | D:2      | Got the Guide on the United Blaze
  1673 | D:3      | Reached XP level 4. HP: 40/40 MP: 4/4
  2165 | D:3      | Found a sparkling altar of Nemelex Xobeh.
  2166 | D:3      | Found an opulent altar of Gozag.
  2177 | D:3      | Reached skill level 4 in Axes
  2333 | D:4      | Found a staircase to the Ecumenical Temple.
  2345 | Temple   | Entered the Ecumenical Temple
  2368 | Temple   | Became a worshipper of Qazlal Stormbringer
  2476 | D:4      | Noticed a scorpion
  2485 | D:4      | Killed a scorpion
  2486 | D:4      | Reached XP level 5. HP: 42/46 MP: 5/5
  2595 | D:4      | Reached skill level 5 in Axes
  2672 | D:4      | Reached XP level 6. HP: 5/53 MP: 6/6
  3083 | D:4      | Noticed an ice beast
  3097 | D:4      | Killed an ice beast
  3130 | D:4      | Found Jabipiam's Lightly-Used Armoury.
  3371 | D:4      | Reached skill level 6 in Axes
  3371 | D:4      | Reached * piety under Qazlal
  3372 | D:4      | Reached XP level 7. HP: 22/60 MP: 7/7
  3725 | D:4      | Reached skill level 5 in Fighting
  3799 | D:5      | Entered Level 5 of the Dungeon
  3804 | D:5      | Reached skill level 1 in Invocations
  3811 | D:4      | Reached skill level 5 in Shields
  3812 | D:4      | Reached skill level 5 in Armour
  4099 | D:5      | Slain by an ogre

Illustrated notes

Levels and vault maps discovered:
D:1:      nicolae_arrival_kraken_aquarium_a, layout_basic, minmay_hedge_maze
D:2:      layout_rooms
D:3:      layout_loops_ring, grunt_temple_overflow_opulence,
          chequers_serial_rivers_micro_e
D:4:      layout_gridville, minmay_temple_entry_crystal_x, minmay_shop_damaged
D:5:      layout_rooms
Temple:   nicolae_temple_slightly_damp_pantheon

Skill      XL: |  1  2  3  4  5  6  7 |
---------------+----------------------+-----
Axes           | 3 4 5 6 |  6.8
Fighting       | 4 5 |  5.3
Armour         | 4 5 |  5.3
Shields        | 4 5 |  5.2
Invocations    | 2 |  2.2

Action                     |  1- 3 |  4- 6 |  7- 9 || total
---------------------------+-------+-------+-------++-------
  Melee: War axe           |   127 |    98 |    54 ||   279
  Throw: Dart              |       |     6 |     3 ||     9
    Use: Scroll            |     2 |       |       ||     2
         Potion            |       |     5 |     1 ||     6
   Stab: Invisible         |       |     1 |       ||     1
 Armour: Scale mail        |   122 |   100 |     7 ||   229
         Plate armour      |       |       |    63 ||    63
  Dodge: Dodged            |    43 |    67 |    23 ||   133
  Block: Buckler           |    28 |    36 |    24 ||    88

Table legend: (Time is in decaauts)
 A = Elapsed time spent in this place.
 B = Non-inter-level travel time spent in this place.
 C = Inter-level travel time spent in this place.
 D = Time resting spent in this place.
 E = Time spent auto-exploring this place.
 F = Levels seen in this place.
 G = Mean time per level.
                   A        B        C        D        E       F      G
               +--------+--------+--------+--------+--------+-----+--------+
         Total |   4188 |   3845 |    343 |    329 |   2787 |   6 |  698.0 |
       Dungeon |   4144 |   3838 |    306 |    329 |   2787 |   5 |  828.8 |
        Temple |     44 |      7 |     37 |      0 |      0 |   1 |   44.0 |
               +--------+--------+--------+--------+--------+-----+--------+

Top non-repeatable levels by time:
     D:4: 1407 daAuts
     D:3: 1190 daAuts
     D:1: 799 daAuts
     D:2: 617 daAuts
     D:5: 130 daAuts
  Temple: 44 daAuts
